 Dungeon Crawl Stone Soup version 0.27-a0-1312-g5cdb2b3542 (webtiles) character file.

Game seed: 96801452925383811

72 bjtr the Stinger (level 4, -28/24 HPs)
             Began as a Gargoyle Venom Mage on June 20, 2021.
             Killed by an exploding adder (35 damage)
             ... ignited by their inner flame
             ... on level 2 of the Dungeon.
             The game lasted 00:10:07 (2892 turns).

bjtr the Stinger (Gargoyle Venom Mage)              Turns: 2892, Time: 00:10:09

Health: -28/24     AC:  7    Str:  8 (11) XL:     4   Next: 25%
Magic:  0/7        EV: 11    Int: 15 (17) God:
Gold:   5          SH:  0    Dex:  7 (10) Spells: 7/8 levels left

rFire    . . .     SeeInvis .   a - +3 dagger
rCold    . . .     Faith    .   (no shield)
rNeg     + . .     Spirit   .   b - +1 leather armour
rPois    ∞         Reflect  .   (no helmet)
rElec    +         Harm     .   (no cloak)
rCorr    .         Rampage  .   (no gloves)
Will     .....                  (no boots)
Stlth    +.........             (no amulet)
HPRegen  0.08/turn              (no ring)
MPRegen  0.10/turn              (no ring)

@: no status effects
A: sickness immunity, AC +3, negative energy resistance 1, electricity
resistance, torment resistance 1, petrification resistance
a: no special abilities


You were on level 2 of the Dungeon.
You visited 1 branch of the dungeon, and saw 3 of its levels.

You collected 5 gold pieces.

Inventory:

Hand Weapons
 a - a +3 dagger (weapon)
 h - a +0 mace
 j - a +0 hand axe
 k - a +0 hunting sling
Missiles
 g - 9 javelins
 l - 46 stones
Armour
 b - a +1 leather armour (worn)
 f - a +0 robe
Scrolls
 c - a scroll of enchant armour
 e - a scroll of identify
 n - 2 scrolls of fog
Potions
 d - a potion of brilliance


   Skills:
 * Level 0.5 Fighting
 * Level 1.2 Armour
 + Level 1.8 Dodging
 + Level 2.5 Stealth
 + Level 2.5 Spellcasting
 + Level 1.4 Transmutations
 + Level 3.5 Poison Magic


You had 7 spell levels left.
You knew the following spells:

 Your Spells              Type           Power      Damage    Failure   Level
a - Sting                 Tmut/Pois      36%        1d4       11%         1

Your spell library contained the following spells:

 Spells                   Type           Power      Damage    Failure   Level
 Poisonous Vapours        Pois/Air       14%        N/A       22%         2
 Ignite Poison            Fire/Tmut/Pois 6%         N/A       41%         3
 Mephitic Cloud           Conj/Pois/Air  5%         N/A       50%         3
 Olgreb's Toxic Radiance  Pois           12%        N/A       56%         4


Dungeon Overview and Level Annotations

Branches:
Dungeon (3/15)

Altars:

Annotations:
D:3 Robin


Innate Abilities, Weirdness & Mutations

You are immune to sickness and miasma.
Your stone body is resilient. (AC +3)
You are immune to poison.
You resist negative energy. (rN+)
You are resistant to electric shocks. (rElec)
You are resistant to unholy torment.
You are immune to petrification.


Message History

You aren't carrying any items that you can evoke.
You hit the goblin but do no damage.
The adder looks more healthy.
The goblin hits you with a +0 dagger. The goblin barely misses you.
You closely miss the goblin. The goblin barely misses you.
The goblin closely misses you.
Unknown command.
You barely miss the goblin.
You kill the goblin!
The goblin hits you with a +0 dagger.
Unknown command.
You barely miss the adder.
The adder is almost dead.
The adder bites you but does no damage. The goblin misses you.
The adder barely misses you.
Unknown command.
You miss the adder.
The adder is almost dead.
The adder bites you.
* * * LOW HITPOINT WARNING * * *
The goblin hits you but does no damage.
Your magical contamination has completely faded away.
Unknown command.
As you read the scroll labelled PESUR CEQOQUTH, it crumbles to dust.
The scroll dissolves into smoke.
It was a scroll of fog.
The adder bites you but does no damage. The goblin closely misses you.
As you read the scroll labelled YSYCIOPL NAOR, it crumbles to dust.
The creatures around you are filled with an inner flame!
It was a scroll of immolation.
The adder bites you but does no damage. The goblin barely misses you.
Unknown command.
Casting: Sting (safe; 11% risk of failure)
Confirm with . or Enter, or press ? or * to list all spells.
Aiming: Sting (safe; 11% risk of failure)
Press: ? - help, Shift-Dir - straight line, f - adder
Aim: an adder (blue smoke, almost dead, inner flame, 48% to hit)
The sting hits the adder.
The adder is poisoned.
The adder explodes!
The fiery explosion engulfs you!!
Ouch! That really hurt!
You die...

#.# #.# ### ### #.####.##
########## #.. ......#.####
#.....[..# ###.#
#.####.###.#####.######.#
###.... ..# #.##...........#
#.# #...... ..#
#.#.....###§##.# #.# #.#.##.
#.# #.##....###g##.# #.#
#.#.##. #.# #........§§@##.#
#.# #.#.#.. #.#
#####.#.######.# #.# #.#.#..
#.# #.#.######.# #.# #.#.#..
#.# ##+#>.......###.###.#....
#.# ##...########......#.).###
..# ##.....## #.##.#.##.## #
.## ##.......## ##.#..#.#.##
..####.........####....##.#.#
.....'.........'............##


You could see a goblin (inner flame).

Vanquished Creatures
  3 adders (D:2)
  A worm (D:2)
  5 endoplasms
  A giant cockroach (D:1)
  7 goblins
  7 hobgoblins
  5 quokkas
  5 ball pythons (D:1)
  3 frilled lizards
  6 kobolds
  2 rats
  2 toadstools (D:1)
47 creatures vanquished.

Vanquished Creatures (others)
  A worm (D:2)
  A frilled lizard (D:2)
  A goblin (D:2)
  2 toadstools (D:1)
5 creatures vanquished.

Grand Total: 52 creatures vanquished

Notes
Turn   | Place    | Note
-------+----------+-------------------------------------------
     0 | D:1      | bjtr the Gargoyle Venom Mage began the quest for the Orb.
     0 | D:1      | Reached XP level 1. HP: 10/10 MP: 3/3
   274 | D:1      | Reached skill level 1 in Transmutations
   311 | D:1      | Reached XP level 2. HP: 15/15 MP: 3/5
   758 | D:1      | Found a faded altar of an unknown god.
  1309 | D:2      | Reached XP level 3. HP: 19/19 MP: 4/6
  2319 | D:2      | Reached skill level 1 in Armour
  2319 | D:2      | Reached XP level 4. HP: 24/24 MP: 5/7
  2873 | D:3      | Noticed Robin
  2892 | D:2      | Killed by an exploding adder... ignited by their inner
                  | flame

Illustrated notes

Levels and vault maps discovered:
D:1:      ldierk_water_garden, layout_loops_ring,
          shapermc_ecumenical_altar_mp_vishouse, minmay_ruptured
D:2:      layout_loops_corners, amethyst_killhole, lemuel_flame_loot_1
D:3:      kennysheep_big_flooded_room, layout_basic, tgw_trog, uniq_robin,
          uniq_terence, uniq_crazy_yiuf_cottage, uniq_sigmund

Skill      XL: |  1  2  3 |
---------------+----------+-----
Transmutations | 1 |  1.4
Armour         | 1 |  1.2
Fighting       | |  0.5
Dodging        | |  1.8
Stealth        | |  2.5
Spellcasting   | |  2.5
Poison Magic   | |  3.5

Action                   |  1- 3 |  4- 6 || total
-------------------------+-------+-------++-------
Melee: Unarmed           |     8 |       ||     8
       Short sword       |    17 |       ||    17
       Dagger            |    57 |    13 ||    70
 Fire: Hunting sling     |     6 |       ||     6
 Cast: Sting             |    41 |    10 ||    51
  Use: Scroll            |     3 |     2 ||     5
       Potion            |       |     3 ||     3
 Stab: Sleeping          |     3 |       ||     3
Armor: Robe              |     7 |       ||     7
       Leather armour    |    17 |    11 ||    28
Dodge: Dodged            |    35 |    22 ||    57

Table legend: (Time is in decaauts)
 A = Elapsed time spent in this place.
 B = Non-inter-level travel time spent in this place.
 C = Inter-level travel time spent in this place.
 D = Time resting spent in this place.
 E = Time spent auto-exploring this place.
 F = Levels seen in this place.
 G = Mean time per level.
                   A        B        C        D        E       F      G
               +--------+--------+--------+--------+--------+-----+--------+
         Total |   2892 |   2852 |     40 |    359 |   1988 |   3 |  964.0 |
       Dungeon |   2892 |   2852 |     40 |    359 |   1988 |   3 |  964.0 |
               +--------+--------+--------+--------+--------+-----+--------+

Top non-repeatable levels by time:
     D:2: 1631 daAuts
     D:1: 1251 daAuts
     D:3: 9 daAuts
